 Dungeon Crawl Stone Soup version 0.29-a0-384-g6960b1960d (webtiles) character file.

Game seed: 4742423475215548340

1467 bande the Chopper (level 8, 0/49 HPs)
             Began as a Gargoyle Fighter on May 8, 2022.
             Was an Initiate of Okawaru.
             Killed by nerve-wracking pain
             ... invoked by an orc priest
              (4 damage)
             ... on level 5 of the Dungeon.
             The game lasted 00:09:20 (5769 turns).

bande the Chopper (Gargoyle Fighter)                Turns: 5769, Time: 00:09:20

Health: 0/49       AC: 19    Str: 20    XL:     8   Next: 77%
Magic:  9/9        EV: 10    Int:  9    God:    Okawaru [......]
Gold:   246        SH: 10    Dex: 11    Spells: 7/7 levels left

rFire   + . .      SeeInvis .   a - +1 war axe
rCold   . . .      Faith    .   c - +0 buckler
rNeg    + . .      Spirit   .   o - +2 ring mail {rF+}
rPois   ∞          Reflect  +   (no helmet)
rElec   +          Harm     .   k - +1 cloak
rCorr   .          Rampage  .   l - +2 pair of gloves
Will    .....                   (no boots)
Stlth   +.........              h - amulet of reflection
HPRegen 0.16/turn               (no ring)
MPRegen 0.11/turn               (no ring)

@: flying
A: sickness immunity, AC +5, negative energy resistance 1, electricity
resistance, torment resistance 1, petrification resistance, big wings
a: Renounce Religion


You were on level 5 of the Dungeon.
You worshipped Okawaru.
Okawaru was noncommittal.
You visited 2 branches of the dungeon, and saw 7 of its levels.

You collected 246 gold pieces.

Inventory:

Hand Weapons
 a - a +1 war axe (weapon)
 u - a +0 flail of protection
Armour
 c - a +0 buckler (worn)
 k - a +1 cloak (worn)
 l - a +2 pair of gloves (worn)
 o - a +2 ring mail of fire resistance (worn)
Jewellery
 h - an amulet of reflection (around neck)
Wands
 f - a wand of mindburst (20)
 n - a wand of paralysis (7)
 s - a wand of iceblast (6)
Scrolls
 b - 2 scrolls of enchant weapon
 t - a scroll of fear
 v - a scroll of poison
Potions
 e - 2 potions of berserk rage
 g - a potion of haste
 i - a potion of resistance
 j - a potion of attraction {unknown}
 m - a potion of heal wounds
 p - a potion of mutation
 q - a potion of lignification {unknown}
 r - 2 potions of curing {unknown}


   Skills:
 + Level 5.2 Fighting
 + Level 6.1 Axes
 + Level 5.3 Armour
 + Level 5.6 Shields
 * Level 1.5 Invocations
 * Level 3.9 Evocations


You had 7 spell levels left.
You didn't know any spells.
Your spell library contained the following spells:

 Spells                   Type           Power      Damage    Failure   Level
 Confusing Touch          Hex            0%         N/A       94%         3
 Passage of Golubria      Tloc           0%         N/A       100%        4
 Yara's Violent Unravell  Hex/Tmut       0%         3d3       100%        5
 Enfeeble                 Hex            0%         N/A       100%        7
 Storm Form               Tmut/Air       0%         N/A       100%        7
 Maxwell's Capacitive Co  Air            0%         ∞         100%        8
 Tukima's Dance           Hex            Unusable   N/A       N/A         3
 Summon Lightning Spire   Summ/Air       Unusable   N/A       N/A         4

Dungeon Overview and Level Annotations

Branches:
Dungeon (6/15)             Temple (1/1) D:6

Altars:
Cheibriados
Elyvilon
Fedhas
Gozag
Hepliaklqana
Kikubaaqudgha
Makhleb
Nemelex Xobeh
Okawaru
Qazlal
Ru
Sif Muna
Trog
Vehumet
Wu Jian
Xom
Yredelemnul
Zin
The Shining One

Annotations:
D:6 3 runed translucent doors, Antichthon's ghost, novice FoAK


Innate Abilities, Weirdness & Mutations

You are immune to sickness and miasma.
Your stone body is resilient. (AC +5)
You are immune to poison.
You resist negative energy. (rN+)
You are resistant to electric shocks. (rElec)
You are resistant to unholy torment.
You are immune to petrification.
Your large and strong wings let you fly.


Message History

You barely miss the orc. You block the orc's attack.
You block the orc priest's attack.
You hit the orc priest.
The orc priest is heavily wounded.
You hit the orc.
The orc priest calls down the wrath of Beogh upon you.
Beogh smites you!
You hit the orc priest but do no damage.
The orc priest is heavily wounded.
You barely miss the orc priest. You hit the orc.
You kill the orc!
Okawaru accepts your kill. The orc priest closely misses you.
The orc priest barely misses you.
You barely miss the orc priest.
The orc priest is heavily wounded.
You hit the orc priest but do no damage.
You block the orc priest's attack. x2
The orc priest begins to cast a cantrip, but forgets the words!
You block the orc priest's attack.
The orc priest casts a cantrip, but nothing happens.
You hit the orc priest.
The orc priest is severely wounded.
You closely miss the orc priest.
You hit the orc priest but do no damage.
You block the orc priest's attack.
The orc priest mumbles some strange prayers to Beogh against you.
Beogh smites you!
A hound comes into view.
The hound barks!
You slash the orc priest!
You kill the orc priest!
Okawaru accepts your kill.
You closely miss the orc priest.
You hit the orc priest but do no damage.
The orc priest mumbles some strange prayers to Beogh against you.
Beogh smites you!
* * * LOW HITPOINT WARNING * * *
The orc priest invokes the aid of Beogh against you.
Pain shoots through your body!
You die...

####.........# ##.....# ..
.............### #......#
....###.......#.##.!....##
....#.#..................#
........##.....#...##.......
...........#..##...#......##
......#...#######....##...#
......# .. ##.#..........#
......# . #.o@....###...#
........ .......)o)....# ##
.#.##.........#o...$.....
.#.# ....#... ...<.......#
.#.# #..##.. ...#.#......#
.. .##.. ......#....### .
...h........# ...... .. ..##


You could see a hound, 2 orc priests and an orc.

Vanquished Creatures
  A troll (D:6)
  Edmund (D:6)
  Duvessa (D:4)
  An ice beast (D:5)
  An ogre (D:5)
  A centaur (D:5)
  A necrophage (D:5)
  3 scorpions
  4 wights
  Dowan (D:4)
  2 hounds
  An orc priest (D:5)
  Jessica (D:2)
  Terence (D:2)
  An iguana (D:4)
  Ijyb (D:3)
  7 adders
  An ufetubus (D:5)
  3 worms
  5 orcs
  6 endoplasms
  A giant cockroach (D:4)
  8 goblins
  4 hobgoblins
  4 kobolds
  7 quokkas
  4 ball pythons
  6 bats
  2 frilled lizards
  4 rats
84 creatures vanquished.

Notes
Turn   | Place    | Note
-------+----------+-------------------------------------------
     0 | D:1      | bande the Gargoyle Fighter began the quest for the Orb.
     0 | D:1      | Reached XP level 1. HP: 14/14 MP: 1/1
   300 | D:1      | Reached XP level 2. HP: 17/19 MP: 2/2
   330 | D:1      | Found a faded altar of an unknown god.
   385 | D:1      | Reached skill level 2 in Axes
  1072 | D:2      | Reached XP level 3. HP: 13/24 MP: 3/3
  1665 | D:2      | Noticed Jessica
  1677 | D:2      | Killed Jessica
  1678 | D:2      | Reached skill level 1 in Evocations
  1678 | D:2      | Reached XP level 4. HP: 26/29 MP: 4/4
  2330 | D:3      | Noticed Terence
  2371 | D:2      | Reached skill level 3 in Axes
  2371 | D:2      | Reached XP level 5. HP: 7/33 MP: 5/5
  2716 | D:2      | Killed Terence
  2769 | D:2      | Reached XP level 6. HP: 17/38 MP: 6/6
  3148 | D:3      | Reached skill level 4 in Axes
  3564 | D:3      | Noticed Ijyb
  3582 | D:3      | Killed Ijyb
  3971 | D:4      | Reached XP level 7. HP: 40/44 MP: 7/7
  4091 | D:4      | You fall into a shaft and drop 2 floors!
  4091 | D:6      | Found a staircase to the Ecumenical Temple.
  4099 | Temple   | Entered the Ecumenical Temple
  4202 | D:6      | Noticed Edmund
  4231 | D:6      | Killed Edmund
  4280 | D:6      | Noticed a troll
  4291 | D:6      | Killed a troll
  4292 | D:6      | Reached skill level 5 in Axes
  4292 | D:6      | Reached skill level 5 in Armour
  4292 | D:6      | Reached XP level 8. HP: 48/48 MP: 8/8
  4366 | D:6      | Found a runed translucent gate.
  4366 | D:6      | Found a runed translucent gate.
  4366 | D:6      | Found a runed translucent gate.
  4369 | D:6      | Found an opulent altar of Gozag.
  4369 | D:6      | Noticed a hornet
  4370 | D:6      | Noticed Antichthon's ghost (novice FoAK)
  4415 | D:5      | Entered Level 5 of the Dungeon
  4418 | D:5      | Reached skill level 5 in Shields
  4624 | D:5      | Reached skill level 5 in Fighting
  4692 | D:5      | Found a basalt altar of Yredelemnul.
  5142 | D:4      | Found a radiant altar of Vehumet.
  5148 | D:4      | Found an iron altar of Okawaru.
  5150 | D:4      | Found an ornate altar of the Wu Jian Council.
  5156 | D:4      | Became a worshipper of Warmaster Okawaru
  5161 | D:4      | Found a blossoming altar of Fedhas.
  5212 | D:4      | Noticed Duvessa
  5212 | D:4      | Noticed Dowan
  5221 | D:4      | Killed Dowan
  5229 | D:4      | Killed Duvessa
  5630 | D:5      | Reached skill level 1 in Invocations
  5656 | D:5      | Reached skill level 6 in Axes
  5722 | D:5      | Gained mutation: Your large and strong wings let you fly.
                  | [potion of mutation]
  5722 | D:5      | Gained mutation: You tend to lose your temper in combat.
                  | [potion of mutation]
  5722 | D:5      | Lost mutation: You tend to lose your temper in combat.
                  | [potion of mutation]
  5769 | D:5      | Killed from afar by an orc priest

Illustrated notes

Levels and vault maps discovered:
D:1:      scummos_arrival_simple_crosswalls, layout_rooms,
          hellmonk_ecumenical_altar_inner_sanctum, roderic_serpentine_path
D:2:      layout_basic, uniq_jessica
D:3:      layout_basic, st_stairs_9, minmay_misc_feat_cross, patterned_corridor,
          uniq_ijyb, uniq_terence
D:4:      dreamdust_elfheim, layout_loops_ring, minitemple
D:5:      layout_cave_pools, yredelemnul_altar_generic
D:6:      layout_loops_ring, minmay_temple_entry_junction, ebering_ghost_gozag,
          uniq_edmund
Temple:   nicolae_temple_great_sept

Skill      XL: |  1  2  3  4  5  6  7  8 |
---------------+-------------------------+-----
Axes           | 2 3 4 5 6 |  6.1
Evocations     | 1 2 3 |  3.9
Armour         | 4 5 |  5.3
Fighting       | 4 5 |  5.2
Shields        | 4 5 |  5.6
Invocations    | 1 |  1.5

Action                   |  1- 3 |  4- 6 |  7- 9 || total
-------------------------+-------+-------+-------++-------
Melee: War axe           |    80 |   115 |   173 ||   368
  Use: Scroll            |     4 |     6 |     2 ||    12
       Potion            |       |       |     2 ||     2
Armor: Scale mail        |    54 |    25 |       ||    79
       Ring mail         |       |    27 |    83 ||   110
Dodge: Dodged            |    37 |    56 |    70 ||   163
Block: Buckler           |    16 |    61 |   100 ||   177
       Reflection        |       |     1 |     2 ||     3

Table legend: (Time is in decaauts)
 A = Elapsed time spent in this place.
 B = Non-inter-level travel time spent in this place.
 C = Inter-level travel time spent in this place.
 D = Time resting spent in this place.
 E = Time spent auto-exploring this place.
 F = Levels seen in this place.
 G = Mean time per level.
                   A        B        C        D        E       F      G
               +--------+--------+--------+--------+--------+-----+--------+
         Total |   5900 |   5900 |      0 |   1681 |   3057 |   7 |  842.9 |
       Dungeon |   5814 |   5814 |      0 |   1681 |   2994 |   6 |  969.0 |
        Temple |     85 |     85 |      0 |      0 |     63 |   1 |   85.0 |
               +--------+--------+--------+--------+--------+-----+--------+

Top non-repeatable levels by time:
     D:2: 1924 daAuts
     D:3: 1180 daAuts
     D:4: 1047 daAuts
     D:1: 927 daAuts
     D:5: 487 daAuts
     D:6: 247 daAuts
  Temple: 85 daAuts
